 Dungeon Crawl Stone Soup version 0.29-a0-251-g80730f7218 (webtiles) character file.

Game seed: 7915176418581663094

518 spaghetti the Ruffian (level 7, -1/52 HPs)
             Began as a Demonspawn Chaos Knight on Mar 5, 2022.
             Was a Plaything of Xom.
             Killed by divine providence
             ... invoked by an orc priest
              (12 damage)
             ... on level 5 of the Dungeon.
             The game lasted 00:05:43 (4195 turns).

spaghetti the Ruffian (Demonspawn Chaos Knight)     Turns: 4195, Time: 00:05:43

Health: -1/52      AC:  8    Str: 23    XL:     7   Next: 1%
Magic:  7/7        EV: 11    Int: 13    God:    Xom [..*...]
Gold:   1090       SH:  0    Dex: 12    Spells: 6/6 levels left

rFire   . . .      SeeInvis .     - Unarmed
rCold   . . .      Faith    .   (no shield)
rNeg    . . .      Spirit   .   a - +2 leather armour
rPois   .          Reflect  .   (no helmet)
rElec   .          Harm     .   (no cloak)
rCorr   .          Rampage  .   (no gloves)
Will    .....                   c - +2 pair of boots
Stlth   +.........              (no amulet)
HPRegen 0.17/turn               e - ring of wizardry
MPRegen 0.10/turn               o - +6 ring of strength

@: brilliant, on berserk cooldown, attractive, hasted and slowed, studying
Unarmed Combat
A: claws 1, foul stench 1, demonic magic 2, sense surroundings 1, strong 1
a: Renounce Religion


You were on level 5 of the Dungeon.
You worshipped Xom.
You were a toy of Xom.
You visited 1 branch of the dungeon, and saw 5 of its levels.

You collected 1090 gold pieces.


Innate Abilities, Weirdness & Mutations

You have sharp fingernails.
You may rarely emit foul miasma when damaged in melee.
Spells you cast may paralyse nearby enemies.
You passively map a small area around you.
Your muscles are strong. (Str +2)


   Skills:
 - Level 3.0 Fighting
 - Level 1.7 Armour
 - Level 0.8 Dodging
 + Level 7.9 Unarmed Combat


You had 6 spell levels left.
You didn't know any spells.
Your spell library contained the following spells:

 Spells                   Type           Power      Damage    Failure   Level
 Ensorcelled Hibernation  Hex/Ice        0%         N/A       21%         2
 Passwall                 Tmut/Erth      0%         N/A       21%         2
 Swiftness                Air            0%         N/A       38%         3

Inventory:

Missiles
 b - 2 boomerangs (quivered) {throwing}
 d - 143 stones {throwing}
 h - 8 poisoned darts {throwing}
Armour
 a - a +2 leather armour (worn)
 c - a +2 pair of boots (worn)
   (You found it on level 1 of the Dungeon)
Jewellery
 e - a ring of wizardry (left claw)
   (You found it on level 2 of the Dungeon)
 n - a ring of willpower
   (You found it on level 3 of the Dungeon)
 o - a +6 ring of strength (right claw)
   (You found it on level 5 of the Dungeon)
Scrolls
 m - 2 scrolls of identify {@r1}
Potions
 f - a potion of degeneration {!q@e2}
 k - a potion of magic

Dungeon Overview and Level Annotations

Branches:
Dungeon (5/15)
 Temple: D:4-7

Altars:
Elyvilon
Ru
Vehumet

, ** ###### .....##* * $?...
, , , *,* , ......# ** , , ,
, * #.)##.# , , #..##.# , ,
,...#####..##.#### *
#....)........# *
*#.#.#)#@#.#.#.# ,
#.....oo......# ########
#...⌠...†.⌠...###....[..
,,........._.......##.######
, ###...⌠.....⌠.......# ,
#..............#..### *, ,
#.#.#.#.#.#.#..#....#
#.................#.###, *
*,.....=)....#.#.#......#


You could see an orc priest and an orc wizard.


Message History

You feel yourself speed up.
The orc wizard hits you with a +0 dagger. 😮 HP[-2]
You take 2 damage, and now have 43/70 hp.
Unknown command.
Unknown command.
Unknown command.
You feel a strong urge to attack something.
The orc priest hits your butterfly with a +0 whip.
Your butterfly dies!
Your butterfly disappears in a puff of smoke!
You are no longer berserk.
You are exhausted.
You feel yourself slow down.
The orc priest closely misses you. 😮 HP[-14]
You now have 47 max hp (-23).
Unknown command.
Unknown command.
Unknown command.
You scratch the orc priest but do no damage.
The orc priest closely misses you.
The orc priest looks braver for a moment.
Okay, then.
You feel better. The orc wizard misses you.
The orc priest hits you but does no damage. 😕 HP[+10]
You regained 10 hp, and now have 39/47 hp.
It was a potion of brilliance.
You feel clever all of a sudden.
Xom roars with laughter!
The orc wizard closely misses you.
The orc priest calls down the wrath of Beogh upon you.
Pain shoots through your body! 😕 HP[-3]
You take 3 damage, and now have 36/47 hp.
Unknown command.
It was a potion of magic.
Magic courses through your body.
It was a potion of attraction.
You feel attractive to monsters.
The orc priest hits you but does no damage.
The orc priest invokes the aid of Beogh against you.
Beogh smites you!
* * * LOW HITPOINT WARNING * * *
😨 HP[-13]
You take 13 damage, and now have 23/47 hp.
MASSIVE DAMAGE!! (PAUSE)
You scratch the orc priest.
You kill the orc priest!
The orc wizard points at you and mumbles some strange words.
The puff of flame hits you!
* * * LOW HITPOINT WARNING * * *
You have reached level 7!
Your demonic ancestry asserts itself...
Your magic grows more menacing. 😨 HP[-8] MP[+1]
You now have 52 max hp (+5).
You take 8 damage, and now have 15/52 hp.
Your mp is fully restored (7).
Okay, then.
Okay, then.
You barely miss the orc priest.
The orc wizard gestures at you while chanting.
You are confused.
Your butterfly disappears in a puff of smoke!
Are you sure you want to stumble around while confused and next to your butterfly?
Okay, then.
Are you sure you want to stumble around while confused and next to your butterfly?
The orc wizard hits your butterfly with a +0 dagger.
Your butterfly dies!
Your butterfly disappears in a puff of smoke!
The orc priest hits you but does no damage.
The orc barely misses you. 😨 HP[+1]
You claw the orc priest!
Your butterfly disappears in a puff of smoke!
The orc priest closely misses you. The orc misses you.
You're too confused to move!
The orc hits you with a +0 short sword.
* * * LOW HITPOINT WARNING * * *
😨 HP[-1]
You take 1 damage, and now have 15/52 hp.
Unknown command.
Unknown command.
You claw the orc!
You kill the orc!
The orc priest looks satisfied for a moment.
You bump into the stone wall.
The orc wizard points at you and mumbles some strange words.
The magic dart hits you.
* * * LOW HITPOINT WARNING * * *
😱 HP[-4]
You take 4 damage, and now have 11/52 hp.
Unknown command.
You closely miss the orc wizard.
You feel less confused.
The orc wizard hits you but does no damage.
The orc priest invokes the aid of Beogh against you.
Beogh smites you!
You die...

Skill      XL: |  1  2  3  4  5  6 |
---------------+-------------------+-----
Unarmed Combat | 3 5 6 7 |  7.9
Fighting       | |  3.0
Armour         | |  1.7
Dodging        | |  0.8

Action                   |  1- 3 |  4- 6 |  7- 9 || total
-------------------------+-------+-------+-------++-------
Melee: Unarmed           |   108 |   128 |     4 ||   240
       Punch             |     3 |     7 |       ||    10
  Use: Scroll            |     5 |     3 |       ||     8
       Potion            |     1 |     6 |       ||     7
 Stab: Paralysed         |       |     5 |       ||     5
Armor: Leather armour    |    35 |    47 |     2 ||    84
Dodge: Dodged            |    60 |    60 |     3 ||   123

Levels and vault maps discovered:
D:1:      lemuel_arrival_rhombus, layout_rooms, nrook_mini_backslash
D:2:      layout_loops_ring, chequers_serial_rivers_small_b,
          dreamdust_princess_bridge, grunt_decor_one_mirror
D:3:      cheibrodos_pilgrimage, layout_basic, dreamdust_wishing_well,
          uniq_sigmund
D:4:      layout_basic, lemuel_doored_altar, lemuel_coloured_pillars_altar
D:5:      layout_basic, elyvilon_altar_5, nicolae_dithmenos_the_darkroom,
          fedhas_altar_decomposition, serial_corexii_hall,
          corexii_hall_statues_l, corexii_hall_statues_t, minmay_statues_item,
          nicolae_stop_n_shop_2, minmay_quadrilaterals

Notes
Turn   | Place    | Note
-------+----------+-------------------------------------------
     0 | D:1      | spaghetti the Demonspawn Chaos Knight began the quest for
                  | the Orb.
     0 | D:1      | Reached XP level 1. HP: 18/18 MP: 1/1
     0 | D:1      | magus.rc [v1.9.6]
    74 | D:1      | Reached skill level 3 in Unarmed Combat
   151 | D:1      | Gained mutation: You have sharp fingernails. [demonic
                  | ancestry]
   151 | D:1      | Reached XP level 2. HP: 22/24 MP: 2/2
   485 | D:1      | XOM: silly message
   578 | D:2      | Reached XP level 3. HP: 21/29 MP: 3/3
   723 | D:2      | Reached skill level 4 in Unarmed Combat
   973 | D:2      | XOM: silly message
  1128 | D:2      | XOM: noise
  1148 | D:2      | XOM: noise
  1475 | D:2      | Noticed a necrophage
  1514 | D:2      | XOM: god gift: 846 gold pieces
  1624 | D:2      | Gained mutation: Your muscles are strong. (Str +2) [potion
                  | of mutation]
  1624 | D:2      | Gained mutation: You passively map a small area around you.
                  | [potion of mutation]
  1630 | D:2      | XOM: noise
  1635 | D:2      | XOM: divination: detect items
  1636 | D:2      | XOM: silly message
  1640 | D:2      | Killed a necrophage
  1641 | D:2      | Reached skill level 5 in Unarmed Combat
  1641 | D:2      | Gained mutation: You may rarely emit foul miasma when
                  | damaged in melee. [demonic ancestry]
  1641 | D:2      | Reached XP level 4. HP: 31/35 MP: 4/4
  1908 | D:3      | XOM: 1-stop teleportation journey
  1955 | D:3      | Gained mutation: Spells you cast may paralyse adjacent
                  | enemies. [demonic ancestry]
  1955 | D:3      | Reached XP level 5. HP: 35/41 MP: 5/5
  2318 | D:3      | Noticed an ogre
  2321 | D:3      | XOM: potion effect (haste)
  2327 | D:3      | XOM: enchant monster (good)
  2470 | D:3      | Noticed Sigmund
  2475 | D:3      | Killed Sigmund
  2476 | D:3      | Reached skill level 6 in Unarmed Combat
  2476 | D:3      | Reached XP level 6. HP: 40/47 MP: 6/6
  2528 | D:3      | You pick up a book of Burglary and begin reading...
  2528 | D:3      | You add the spells Passwall, Ensorcelled Hibernation and
                  | Swiftness to your library.
  2752 | D:3      | Identified a scroll of acquirement
  2786 | D:3      | Acquired a manual of Unarmed Combat
  3049 | D:4      | Reached skill level 7 in Unarmed Combat
  3199 | D:4      | Found a radiant altar of Vehumet.
  3310 | D:4      | XOM: smoke on damage
  3336 | D:4      | XOM: enchant monster (bad)
  3643 | D:4      | Found a sacrificial altar of Ru.
  3925 | D:4      | XOM is BORED!
  3925 | D:4      | XOM: torment (25/47 hp)
  4124 | D:5      | Entered Level 5 of the Dungeon
  4170 | D:5      | XOM: butterfly on damage
  4178 | D:5      | XOM: potion effect (haste)
  4187 | D:5      | Gained mutation: Spells you cast may paralyse nearby
                  | enemies. [demonic ancestry]
  4187 | D:5      | Reached XP level 7. HP: 15/52 MP: 7/7
  4194 | D:5      | HP: 11/52 [orc wizard/magic dart (4)]
  4195 | D:5      | Killed from afar by an orc priest

Vanquished Creatures
  A necrophage (D:2)
  A hound (D:4)
  3 orc priests
  An iguana (D:4)
  8 adders
  2 worms
  2 dart slugs
  6 orcs
  6 ball pythons
  8 endoplasms
  4 giant cockroaches
  3 goblins
  5 hobgoblins
  3 quokkas (D:1)
  4 bats
  3 frilled lizards (D:1)
  10 kobolds
  3 rats
73 creatures vanquished.

Vanquished Creatures (collateral kills)
  Sigmund (D:3)
1 creature vanquished.

Grand Total: 74 creatures vanquished

Table legend:
 A = Non-vault XP
 B = Vault XP
 C = Vault XP percentage of total XP
 D = Non-vault monster count
 E = Vault monster count
 F = Vault count percentage of total count
                 A         B        C        D         E       F
            +---------+---------+-------+---------+---------+-------
      Total |     426 |     314 |  42.4 |      68 |       6 |   8.1
            +---------+---------+-------+---------+---------+-------
        D:1 |      26 |       0 |   0.0 |      16 |       0 |   0.0
        D:2 |     149 |       0 |   0.0 |      19 |       0 |   0.0
        D:3 |      49 |     314 |  86.5 |      12 |       6 |  33.3
        D:4 |     143 |       0 |   0.0 |      17 |       0 |   0.0
        D:5 |      59 |       0 |   0.0 |       4 |       0 |   0.0
            +---------+---------+-------+---------+---------+-------

Illustrated notes

Table legend:
 A = Kills in this place as a percentage of kills in entire the game.
 B = Kills by you in this place as a percentage of kills by you in the entire game.
 C = Kills by friends in this place as a percentage of kills by friends in the entire game.
 D = Other kills in this place as a percentage of other kills in the entire game.
 E = Experience gained in this place as a percentage of experience gained in the entire game.
 F = Experience gained in this place divided by the number of levels of this place that you have seen.
                   A       B       C       D       E      F
               +-------+-------+-------+-------+-------+----------------------
         Total | 100.0 | 100.0 | 100.0 |   N/A | 100.0 | 148.0
       Dungeon | 100.0 | 100.0 | 100.0 |   N/A | 100.0 | 148.0
               +-------+-------+-------+-------+-------+----------------------

Table legend: (Time is in decaauts)
 A = Elapsed time spent in this place.
 B = Non-inter-level travel time spent in this place.
 C = Inter-level travel time spent in this place.
 D = Time resting spent in this place.
 E = Time spent auto-exploring this place.
 F = Levels seen in this place.
 G = Mean time per level.
                   A        B        C        D        E       F      G
               +--------+--------+--------+--------+--------+-----+--------+
         Total |   4156 |   4033 |    123 |   1079 |   2387 |   5 |  831.2 |
       Dungeon |   4156 |   4033 |    123 |   1079 |   2387 |   5 |  831.2 |
               +--------+--------+--------+--------+--------+-----+--------+

Top non-repeatable levels by time:
     D:2: 1428 daAuts
     D:4: 1298 daAuts
     D:3: 864 daAuts
     D:1: 498 daAuts
     D:5: 66 daAuts
